 Dungeon Crawl Stone Soup version 0.25-a0-1024-gbfbf38f (webtiles) character file.

Game seed: 10656160484858687561, levelgen mode: deterministic

12534 BlueFish the Grappler (level 11, -4/74 HPs)
             Began as an Octopode Warper on May 12, 2020.
             Was a High Priest of Cheibriados.
             Slain by a salamander
             ... wielding a +0 trident of protection
              (5 damage)
             ... in a volcano.
             The game lasted 00:45:19 (13540 turns).

BlueFish the Grappler (Octopode Warper)            Turns: 13540, Time: 00:45:20

Health: -4/74      AC:  4    Str: 32    XL:     11   Next: 94%
Magic:  0/30       EV: 19    Int: 32    God:    Cheibriados [*****.]
Gold:   523        SH:  0    Dex: 22    Spells: 11/22 levels left

rFire    + . .     SeeInvis .     - Unarmed
rCold    + + .     Gourm    .   (no shield)
rNeg     + . .     Faith    .   z - +3 hat of Pondering {ponderous, MR+ MP+10 Int+5}
rPois    +         Spirit   +   B - amulet of the Blind Eye {Spirit rPois rC++ Str+4}
rElec    .         Reflect  .   k - ring of protection from fire
rCorr    .         Harm     .   w - +3 ring of strength
MR       +....                  x - ring of wizardry
Stlth    +++++.....             v - ring of positive energy
HPRegen  0.22/turn              (no ring)
MPRegen  0.22/turn              (no ring)
                                (no ring)
                                (no ring)

@: very slow
A: almost no armour, stealthy swim, amphibious, 8 rings, constrict 8, camouflage
1, gelatinous body 1
a: Bend Time, Temporal Distortion, Slouch, Step From Time, Renounce Religion


You were in a volcano.
You worshipped Cheibriados.
Cheibriados was extremely pleased with you.
You were not hungry.

You visited 3 branches of the dungeon, and saw 13 of its levels.
You also visited: Volcano.

You collected 523 gold pieces.

Inventory:

Missiles
 c - 2 boomerangs of dispersal
 g - 84 poisoned darts
 h - 76 arrows
 i - 3 javelins
 o - 223 stones (quivered)
 q - 6 curare-tipped darts
 u - 4 boomerangs
Armour
 z - the +3 hat of Pondering (worn) {ponderous, MR+ MP+10 Int+5}
   (You took it off Gastronok on level 9 of the Dungeon)

   It affects your intelligence (+5).
   It affects your resistance to hostile enchantments.
   It affects your magic capacity (+10).
Jewellery
 k - a ring of protection from fire (left tentacle)
 v - a ring of positive energy (on tentacle)
 w - a +3 ring of strength (right tentacle)
 x - a ring of wizardry (on tentacle)
 B - the amulet of the Blind Eye (around mantle) {Spirit rPois rC++ Str+4}
   (You found it on level 6 of the Dungeon)

   [amulet of guardian spirit]

   It causes incoming damage to be split between your health and magic.
   It affects your strength (+4).
   It greatly protects you from cold.
   It protects you from poison.
 E - an uncursed ring of protection from fire
Wands
 D - a wand of acid (10)
 F - a wand of enslavement (3)
 H - a wand of digging (10)
Scrolls
 a - a scroll of noise
 b - 3 scrolls of blinking
 e - a scroll of amnesia
 n - 2 scrolls of fog
 s - 5 scrolls of remove curse
 y - a scroll of teleportation
 G - a scroll of magic mapping
 I - a scroll of fear
Potions
 f - 3 potions of might
 j - 2 potions of brilliance
 l - 2 potions of berserk rage
 m - 3 potions of ambrosia
 p - 4 potions of curing
 r - 7 potions of mutation
 t - 3 potions of flight
 A - 2 potions of cancellation
 C - a potion of lignification
Comestibles
 d - 17 rations
 J - 3 chunks of flesh


   Skills:
 * Level 6.7 Fighting
 * Level 6.3 Throwing
 * Level 6.4 Dodging
 * Level 8.5 Stealth
 * Level 9.1 Unarmed Combat
 + Level 6.2 Spellcasting
 + Level 0.1 Conjurations
 + Level 3.7 Charms
 + Level 6.8 Translocations
 + Level 0.1 Fire Magic
 * Level 5.7 Invocations


You had 11 spell levels left.
You knew the following spells:

 Your Spells              Type           Power        Failure   Level  Hunger
a - Shroud of Golubria    Chrm/Tloc      #####.       1%          2    None
b - Blink                 Tloc           N/A          1%          2    None
c - Lesser Beckoning      Tloc           ######....   1%          3    None
d - Teleport Other        Tloc           ######..     1%          3    None
e - Foxfire               Conj/Fire      ##..         1%          1    None

Your spell library contained the following spells:

 Spells                   Type           Power        Failure   Level  Hunger
 Corona                   Hex            #......      1%          1    None
 Sandblast                Erth           #.....       1%          1    None
 Summon Small Mammal      Summ           #...         1%          1    None
 Gell's Gravitas          Tloc           ######....   1%          3    None
 Passage of Golubria      Tloc           N/A          1%          4    ##.....
 Call Imp                 Summ           #.......     2%          2    None
 Ensorcelled Hibernation  Hex/Ice        #.....       2%          2    None
 Passwall                 Tmut/Erth      #.......     2%          2    None
 Conjure Flame            Conj/Fire      ##......     5%          3    None
 Dazzling Flash           Conj/Hex       ##....       5%          3    None
 Inner Flame              Hex/Fire       ##......     5%          3    None
 Stone Arrow              Conj/Erth      ##....       5%          3    None
 Call Canine Familiar     Summ           #.......     6%          3    None
 Confusing Touch          Hex            #.......     6%          3    None
 Summon Guardian Golem    Hex/Summ       #.......     6%          3    None
 Tukima's Dance           Hex            #.......     6%          3    None
 Petrify                  Tmut/Erth      #.......     17%         4    ##.....
 Sticky Flame             Conj/Fire      ##......     17%         4    ##.....
 Summon Ice Beast         Ice/Summ       #.......     17%         4    ##.....
 Summon Lightning Spire   Summ/Air       #.......     17%         4    ##.....
 Fireball                 Conj/Fire      ##........   43%         5    #####..
 Lee's Rapid Deconstruct  Erth           #.........   43%         5    #####..
 Silence                  Hex/Air        #.........   43%         5    #####..
 Conjure Ball Lightning   Conj/Air       ##........   92%         6    ######.
 Tornado                  Air            #.........   100%        9    #######


Dungeon Overview and Level Annotations

Branches:
Dungeon (11/15)            Temple (1/1) D:5            Lair (1/6) D:9
    Orc (0/2) D:11        Volcano (1/1)

Altars:
Ashenzari
Cheibriados
Dithmenos
Elyvilon
Fedhas
Gozag
Hepliaklqana
Kikubaaqudgha
Makhleb
Nemelex Xobeh
Okawaru
Qazlal
Ru
Sif Muna
Trog
Uskayaw
Vehumet
Wu Jian
Xom
Yredelemnul
Zin
The Shining One

Shops:
D:5 ?   D:7 (

Annotations:
Lair:1 exclusion: hydra


Innate Abilities, Weirdness & Mutations

You cannot wear most types of armour.
You are very stealthy in the water. (Stealth+)
You are amphibious.
You can wear up to eight rings at the same time.
You can use your tentacles to constrict eight enemies at once.
Your skin changes colour to match your surroundings (Stealth+).
Your rubbery body absorbs attacks. (AC +1, EV +1)


Message History

Confirm with . or Enter, or press ? or * to list all spells.
Aiming: Lesser Beckoning (safe; 1% risk of failure)
Press: ? - help, Shift-Dir - straight line, f/p - salamander
Aim: a salamander, wielding a +0 trident of protection The salamander hurls suddenly forward!
The salamander hits you with a +0 trident of protection!
You are engulfed in flames.
You resist.
You tentacle-slap the salamander but do no damage.
You grab the salamander. You tentacle-slap the salamander!
You squeeze the salamander.
The salamander is moderately wounded.
You constrict the salamander.
The salamander hits you from afar with a +0 trident!
* * * LOW HITPOINT WARNING * * *
You are engulfed in flames.
You resist.
* * * LOW HITPOINT WARNING * * *
The salamander hits you with a +0 trident of protection!
* * * LOW HITPOINT WARNING * * *
You are engulfed in flames.
You resist.
You die...

+.$p$.+ +.._..+
##§≈ #.....#
.#§§ #######
.N#§§ +[[.![+
..#§§
#..≈..#...#§§
#8≈≈≈8#N..#
+..≈..'..#
+....@N..# ≈#
#8..)8#.##≈≈
≈≈###.....###≈≈≈
≈§§≈≈...§.§≈≈§≈#
≈≈§≈≈8...8≈°≈≈##
≈≈≈≈≈....§§§###
##≈≈≈....§≈≈#
#≈≈≈8...8≈##
####.....##


You could see 3 salamanders.

Vanquished Creatures
  Gastronok (D:9)
  A two-headed ogre (D:11)
  A salamander mystic (Volcano)
  An unseen horror (D:11)
  An ugly thing (D:11)
  A centaur zombie (D:8)
  Psyche (D:10)
  A rime drake (Lair:1)
  3 trolls
  A hornet (D:8)
  Prince Ribbit (D:8)
  2 hippogriffs (D:10)
  4 hogs (D:7)
  A wyvern (D:10)
  3 yaks (D:10)
  A human (D:7)
  Edmund (D:6)
  2 wargs (D:9)
  A soldier ant (D:10)
  2 ice beasts (D:11)
  Purgy (D:3)
  4 orc warriors
  4 sky beasts
  A black bear (D:7)
  2 necrophages
  A phantom (D:6)
  10 ogres
  3 bullfrogs
  A wyvern zombie (D:10)
  A gnoll sergeant (D:11)
  A water moccasin skeleton (D:7)
  7 scorpions
  5 wights (D:10)
  6 howler monkeys
  3 crimson imps
  2 bullfrog zombies
  5 jellies
  2 quasits
  2 centaur skeletons
  A gnoll shaman (D:7)
  10 orc wizards
  4 hounds
  2 bullfrog skeletons
  Jessica (D:3)
  2 iguanas
  Natasha (thrice) (D:4)
  5 worker ants
  A killer bee zombie (D:9)
  A hound zombie (D:11)
  A hound skeleton (D:4)
  A worker ant zombie (D:9)
  A howler monkey skeleton (D:7)
  4 adders
  20 gnolls
  2 shadow imps
  An adder zombie (D:7)
  An adder skeleton (D:6)
  2 worms
  A dart slug (D:1)
  10 leopard geckos
  21 orcs
  8 giant cockroaches
  9 hobgoblins
  7 jackals
  9 kobolds
  4 quokkas
  2 ball pythons
  7 bats
  6 frilled lizards
  10 goblins
  2 jackal skeletons
  3 quokka skeletons
  5 rats
258 creatures vanquished.

Vanquished Creatures (others)
  A bush (D:7)
  26 foxfires
27 creatures vanquished.

Grand Total: 285 creatures vanquished

Notes
Turn   | Place    | Note
-------+----------+-------------------------------------------
     0 | D:1      | BlueFish the Octopode Warper began the quest for the Orb.
     0 | D:1      | Reached XP level 1. HP: 14/14 MP: 3/3
   273 | D:1      | Reached XP level 2. HP: 14/19 MP: 5/5
   277 | D:1      | Learned a level 2 spell: Shroud of Golubria
   280 | D:1      | Learned a level 2 spell: Blink
   538 | D:1      | Reached XP level 3. HP: 25/25 MP: 6/6
   607 | D:1      | Reached skill level 1 in Stealth
  1656 | D:2      | Found a sparkling altar of Nemelex Xobeh.
  1911 | D:2      | Reached XP level 4. HP: 28/30 MP: 7/7
  2030 | D:3      | Found a faded altar of an unknown god.
  2030 | D:3      | Noticed Jessica
  2030 | D:3      | Noticed Purgy
  2569 | D:3      | Reached skill level 3 in Unarmed Combat
  2569 | D:3      | Reached XP level 5. HP: 15/35 MP: 6/8
  2857 | D:3      | Learned a level 3 spell: Lesser Beckoning
  3004 | D:3      | Noticed an ogre
  3020 | D:3      | Killed an ogre
  3020 | D:3      | Reached XP level 6. HP: 40/42 MP: 7/9
  3716 | D:3      | Killed Jessica
  3753 | D:3      | Killed Purgy
  3753 | D:3      | Reached skill level 4 in Unarmed Combat
  3753 | D:3      | Reached skill level 1 in Charms
  4034 | D:4      | Noticed Natasha
  4046 | D:4      | Killed Natasha
  4046 | D:4      | Reached XP level 7. HP: 26/46 MP: 7/10
  4147 | D:4      | Noticed Natasha
  4155 | D:4      | Killed Natasha
  4211 | D:4      | Noticed Natasha
  4344 | D:4      | Killed Natasha
  5097 | D:5      | Entered Level 5 of the Dungeon
  5159 | D:5      | Found a basalt altar of Yredelemnul.
  5183 | D:5      | Found a staircase to the Ecumenical Temple.
  5187 | Temple   | Entered the Ecumenical Temple
  5203 | Temple   | Became a worshipper of Cheibriados the Contemplative
  5208 | Temple   | Learned a level 3 spell: Teleport Other
  5922 | D:5      | Found Wehewn's Magic Scroll Shoppe.
  6239 | D:5      | Found a blossoming altar of Fedhas.
  6239 | D:5      | Found a hide-covered altar of Uskayaw.
  6244 | D:5      | Found an iron altar of Okawaru.
  6246 | D:5      | Found an ancient bone altar of Kikubaaqudgha.
  6247 | D:5      | Found a shattered altar of Ashenzari.
  6395 | D:6      | Got a smoking golden amulet
  6407 | D:6      | Reached XP level 8. HP: 54/54 MP: 10/12
  6573 | D:6      | Found a stormy altar of Qazlal.
  6800 | D:6      | Learned a level 1 spell: Foxfire
  6807 | D:6      | Reached skill level 1 in Invocations
  6847 | D:6      | Identified the amulet of the Blind Eye {Spirit rPois rC++
                  | Str+4} (You found it on level 6 of the Dungeon)
  6971 | D:6      | Noticed Edmund
  6984 | D:6      | Killed Edmund
  6984 | D:6      | Reached skill level 5 in Unarmed Combat
  7193 | D:6      | Reached skill level 5 in Stealth
  7609 | D:7      | Reached * piety under Cheibriados
  7790 | D:7      | Found Okhlicea's Antique Weapon Shoppe.
  8201 | D:7      | Reached XP level 9. HP: 49/59 MP: 10/14
  8326 | D:7      | Reached ** piety under Cheibriados
  8326 | D:7      | Reached skill level 5 in Fighting
  8333 | D:7      | Reached skill level 6 in Unarmed Combat
  8570 | D:7      | Reached skill level 5 in Translocations
  8755 | D:7      | Found a blossoming altar of Fedhas.
  9440 | D:8      | Noticed Prince Ribbit
  9471 | D:8      | Killed Prince Ribbit
  9471 | D:8      | Reached skill level 5 in Dodging
  9615 | D:8      | Reached XP level 10. HP: 29/66 MP: 2/16
 10158 | D:8      | Found a shimmering blue altar of Sif Muna.
 10237 | D:8      | Reached skill level 7 in Unarmed Combat
 10493 | D:9      | Reached *** piety under Cheibriados
 10585 | D:9      | Noticed Gastronok
 10609 | D:9      | Killed Gastronok
 10609 | D:9      | Reached skill level 5 in Throwing
 10609 | D:9      | Reached skill level 5 in Spellcasting
 11154 | D:9      | Found a staircase to the Lair.
 11158 | D:9      | Reached skill level 5 in Invocations
 11181 | D:9      | Reached skill level 8 in Unarmed Combat
 11211 | D:9      | Reached XP level 11. HP: 53/72 MP: 16/18
 11399 | D:9      | Reached **** piety under Cheibriados
 11464 | D:10     | Entered Level 10 of the Dungeon
 12060 | D:10     | Noticed Psyche
 12064 | D:10     | Killed Psyche
 12550 | D:11     | Noticed a two-headed ogre
 12565 | D:11     | Killed a two-headed ogre
 12710 | D:11     | Killed an unseen horror
 12880 | D:11     | Noticed a white ugly thing
 12888 | D:11     | Killed a white ugly thing
 12919 | D:11     | Reached ***** piety under Cheibriados
 12954 | D:11     | Found a staircase to the Orcish Mines.
 13126 | D:11     | Found an ancient bone altar of Kikubaaqudgha.
 13383 | Lair:1   | Entered Level 1 of the Lair of Beasts
 13413 | Lair:1   | Reached skill level 9 in Unarmed Combat
 13454 | Lair:1   | Noticed a seven-headed hydra
 13474 | Lair:1   | Found a dark tunnel.
 13491 | Volcano  | Entered a volcano
 13507 | Volcano  | Noticed a salamander mystic
 13510 | Volcano  | Found a radiant altar of Vehumet.
 13511 | Volcano  | Noticed a hell knight
 13525 | Volcano  | Killed a salamander mystic
 13534 | Volcano  | Noticed a salamander
 13538 | Volcano  | Noticed a salamander
 13538 | Volcano  | Noticed a salamander
 13540 | Volcano  | HP: 1/74 [salamander/+0 trident of protection (8)]
 13540 | Volcano  | Slain by a salamander

Illustrated notes

Levels and vault maps discovered:
D:1:      psy_arrival_radial01, layout_basic, minmay_indecisive_spiral
D:2:      layout_basic, first_ration, nemelex_lonely_heart_becter
D:3:      layout_rooms, chequers_ecumenical_altar_simple,
          kennysheep_another_room, grunt_ministairs_12, uniq_jessica, uniq_purgy
D:4:      layout_rooms, hex_medium, uniq_natasha
D:5:      layout_basic, yredelemnul_altar_generic,
          chequers_temple_overflow_minitemple, minmay_temple_entry_trees,
          serial_shops, nicolae_shop_window_shopping, st_stairs_11
D:6:      layout_basic, nicolae_overflow_hidden_temple, uniq_edmund
D:7:      layout_basic, serial_shops, kennysheep_little_box, grunt_livestock,
          fedhas_bush_and_centaur_altar
D:8:      layout_loops_ring, lemuel_blue_sif_altar, uniq_prince_ribbit1
D:9:      layout_roguey, erik_lair_orcish_takeover, enter_bailey_1,
          uniq_gastronok
D:10:     layout_rooms, uniq_psyche
D:11:     layout_basic, orc_0_dummy, lemuel_altar_in_water
Temple:   eino_temple_water
Lair:1:   layout_hall_layers, basic_altar, enter_volcano_2
Volcano:  kennysheep_volcano_temple

Skill      XL: |  1  2  3  4  5  6  7  8  9 10 11 |
---------------+----------------------------------+-----
Stealth        | 1 2 3 4 5 6 7 8 |  8.5
Dodging        | 3 4 5 6 |  6.4
Unarmed Combat | 3 4 5 6 8 9 |  9.1
Throwing       | 2 3 4 5 6 |  6.3
Fighting       | 3 4 5 6 |  6.7
Charms         | 1 2 3 |  3.7
Spellcasting   | 3 4 5 6 |  6.2
Invocations    | 2 4 5 |  5.7
Translocations | 4 5 6 |  6.8
Conjurations   | |  0.1
Fire Magic     | |  0.1

Action                   |  1- 3 |  4- 6 |  7- 9 | 10-12 || total
-------------------------+-------+-------+-------+-------++-------
Melee: Unarmed           |    92 |   111 |   260 |   262 ||   725
       Tentacles         |    17 |    19 |    72 |   121 ||   229
       Constrict         |    25 |    29 |    55 |    46 ||   155
       Punch             |     3 |     4 |    28 |    39 ||    74
Throw: Dart              |       |    17 |     9 |    50 ||    76
       Boomerang         |       |     2 |       |     1 ||     3
       Stone             |       |     1 |     4 |    14 ||    19
 Cast: Shroud of Golubri |    11 |    18 |    61 |    56 ||   146
       Blink             |       |     4 |       |     1 ||     5
       Foxfire           |       |       |    17 |     1 ||    18
       Teleport Other    |       |       |     1 |     5 ||     6
       Lesser Beckoning  |       |       |       |     6 ||     6
Invok: Bend Time         |       |       |       |     4 ||     4
  Use: Scroll            |     9 |     2 |     6 |    10 ||    27
       Potion            |       |       |     2 |     1 ||     3
 Stab: Sleeping          |     7 |     4 |    15 |    11 ||    37
       Distracted        |       |       |       |     2 ||     2
  Eat: Chunk             |     1 |     7 |    13 |     6 ||    27
       Ration            |     1 |       |     2 |       ||     3
Armor: Skin              |     7 |     4 |     5 |    19 ||    35
Dodge: Dodged            |    54 |    79 |   165 |   172 ||   470

Table legend:
 A = Non-vault XP
 B = Vault XP
 C = Vault XP percentage of total XP
 D = Non-vault monster count
 E = Vault monster count
 F = Vault count percentage of total count
                 A         B        C        D         E       F
            +---------+---------+-------+---------+---------+-------
      Total |   12198 |    5709 |  31.9 |     223 |      35 |  13.6
            +---------+---------+-------+---------+---------+-------
        D:1 |      51 |       6 |  10.5 |      27 |       4 |  12.9
        D:2 |      42 |       0 |   0.0 |      22 |       0 |   0.0
        D:3 |     244 |     224 |  47.9 |      22 |       7 |  24.1
        D:4 |     503 |      35 |   6.5 |      14 |       1 |   6.7
        D:5 |      44 |      17 |  27.9 |       2 |       3 |  60.0
        D:6 |     323 |     173 |  34.9 |      12 |       1 |   7.7
        D:7 |    1454 |     999 |  40.7 |      34 |       5 |  12.8
        D:8 |    1287 |     259 |  16.8 |       8 |       1 |  11.1
        D:9 |    1192 |    2772 |  69.9 |      22 |      11 |  33.3
       D:10 |    3075 |     424 |  12.1 |      26 |       1 |   3.7
       D:11 |    3542 |       0 |   0.0 |      32 |       0 |   0.0
     Lair:1 |     441 |       0 |   0.0 |       2 |       0 |   0.0
    Volcano |       0 |     800 | 100.0 |       0 |       1 | 100.0
            +---------+---------+-------+---------+---------+-------
